General information
- name: BNet
- type: Ladder team game (AT/RT)
- host: Battle.net
- saver: MyPerestroika
map: Deathknell
- players: 8
- length: 10:44
- speed: Fast
- version: 1.26 W3XP
- replay type: Public
» download(57 KB)
Players
team 1 (loser)
poci (
blue | 18 APM | 53 actions | 02:54)
» actions
| Build / train | 13 | |
| Enter build submenu | 6 | |
| Right click | 9 | |
| Select / deselect | 20 | |
| Use ability | 5 | |
53 total
» units
» buildings
| Altar of Elders | 1 | |
| Moon Well | 2 | |
| Ancient of War | 1 | |
| Ancient of Wonders | 1 | |
5 total
» build order
00:43 Altar of Elders
00:49 Moon Well
01:09 Ancient of War
01:55 Moon Well
02:34 Ancient of Wonders
vallyindaclub (
green | 32 APM | 90 actions | 02:50)
» actions
| Build / train | 12 | |
| Enter build submenu | 8 | |
| Right click | 20 | |
| Select / deselect | 42 | |
| Use ability | 8 | |
90 total
» units
» buildings
| Moon Well | 3 | |
| Altar of Elders | 1 | |
| Ancient of War | 2 | |
6 total
» build order
00:34 Moon Well
00:49 Altar of Elders
01:05 Ancient of War
01:28 Moon Well
02:09 Ancient of War
02:22 Moon Well
mbatego (
yellow | 26 APM | 69 actions | 02:37)
1 Blademaster
1 Wind Walk
» actions
| Build / train | 15 | |
| Enter build submenu | 5 | |
| Enter hero's abilities submenu | 1 | |
| Remove unit from queue | 1 | |
| Right click | 22 | |
| Select / deselect | 21 | |
| Use ability | 4 | |
69 total
» units
» buildings
| Orc Burrow | 1 | |
| Altar of Storms | 1 | |
| Voodoo Lounge | 1 | |
| War Mill | 1 | |
4 total
» build order
00:15 Orc Burrow
00:23 Altar of Storms
00:39 Voodoo Lounge
01:07 War Mill
» items
| Healing Salve | 1 | |
| Lesser Clarity Potion | 1 | |
2 total
theokilleur (
purple | 48 APM | 512 actions | 10:44)
2 Keeper of the Grove
2 Force of Nature
1 Warden
1 Fan of Knives
» actions
| Build / train | 48 | |
| Enter build submenu | 16 | |
| Enter hero's abilities submenu | 3 | |
| Right click | 286 | |
| Select / deselect | 139 | |
| Use ability | 20 | |
512 total
» units
» upgrades
| Strength of the Moon | 1 | |
| Strength of the Wild | 1 | |
| Ultravision | 1 | |
| Reinforced Hides | 1 | |
4 total
» buildings
| Moon Well | 3 | |
| Altar of Elders | 1 | |
| Ancient of War | 1 | |
| Hunter's Hall | 2 | |
| Ancient Protector | 5 | |
| Ancient of Wonders | 1 | |
13 total
» build order
00:16 Moon Well
00:29 Altar of Elders
00:40 Ancient of War
02:31 Moon Well
03:29 Hunter's Hall
04:44 Ancient Protector
05:24 Ancient Protector
05:32 Ancient Protector
07:40 Hunter's Hall
08:09 Ancient of Wonders
08:19 Moon Well
08:51 Ancient Protector
08:56 Ancient Protector
team 2 (winner)
tuonicpro (
teal | 50 APM | 536 actions | 10:44)
4 Demon Hunter
2 Immolation
2 Mana Burn
2 Warden
1 Fan of Knives
1 Shadow Strike
» actions
| Assign group hotkey | 18 | |
| Build / train | 47 | |
| Enter build submenu | 12 | |
| Enter hero's abilities submenu | 6 | |
| Remove unit from queue | 1 | |
| Right click | 199 | |
| Select / deselect | 183 | |
| Select group hotkey | 42 | |
| Use ability | 28 | |
536 total
» units
» upgrades
| Strength of the Moon | 2 | |
| Improved Bows | 1 | |
| Moon Armor | 1 | |
| Reinforced Hides | 1 | |
| Strength of the Wild | 1 | |
| Ultravision | 1 | |
| Backpack | 1 | |
| Nature's Blessing | 1 | |
| Sentinel | 1 | |
| Vorpal Blades | 1 | |
11 total
» buildings
| Altar of Elders | 1 | |
| Moon Well | 5 | |
| Ancient of War | 1 | |
| Ancient of Wonders | 1 | |
| Tree of Ages | 1 | |
| Hunter's Hall | 1 | |
| Tree of Life | 1 | |
| Tree of Eternity | 0 | |
11 total
» build order
00:05 Altar of Elders
00:10 Moon Well
01:05 Ancient of War
01:43 Moon Well
02:24 Moon Well
02:27 Ancient of Wonders
03:29 Tree of Ages
04:03 Hunter's Hall
05:28 Moon Well
07:23 Moon Well
07:31 Tree of Life
10:27 Tree of Eternity
MyPerestroika (
pink | 125 APM | 1345 actions | 10:44)
4 Archmage
2 Summon Water Elemental
2 Brilliance Aura
» actions
| Assign group hotkey | 86 | |
| Basic commands | 72 | |
| Build / train | 66 | |
| ESC pressed | 9 | |
| Enter build submenu | 25 | |
| Enter hero's abilities submenu | 4 | |
| Right click | 382 | |
| Select / deselect | 210 | |
| Select group hotkey | 404 | |
| Use ability | 87 | |
1345 total
» units
| Peasant | 18 | |
| Footman | 21 | |
| Rifleman | 1 | |
40 total
» upgrades
| Backpack | 1 | |
| Defend | 1 | |
| Swords | 1 | |
| Gunpowder | 1 | |
| Long Rifles | 1 | |
5 total
» buildings
| Altar of Kings | 1 | |
| Barracks | 4 | |
| Farm | 13 | |
| Arcane Vault | 1 | |
| Town Hall | 1 | |
| Keep | 4 | |
| Blacksmith | 1 | |
| Workshop | 3 | |
28 total
» build order
00:06 Altar of Kings
00:10 Barracks
00:13 Farm
00:53 Farm
01:39 Farm
02:17 Arcane Vault
03:47 Town Hall
04:21 Farm
04:43 Farm
06:16 Barracks
06:16 Barracks
06:17 Barracks
06:33 Farm
07:28 Farm
07:29 Farm
07:29 Farm
08:02 Keep
08:02 Keep
08:21 Blacksmith
09:31 Farm
09:33 Farm
10:20 Farm
10:21 Farm
10:34 Workshop
10:34 Workshop
10:35 Workshop
Bo0o0o0o0oMmMmM (
red | 38 APM | 407 actions | 10:44)
3 Archmage
2 Summon Water Elemental
1 Brilliance Aura
2 Paladin
1 Holy Light
1 Devotion Aura
» actions
| Build / train | 42 | |
| Enter build submenu | 21 | |
| Enter hero's abilities submenu | 5 | |
| Remove unit from queue | 1 | |
| Right click | 159 | |
| Select / deselect | 144 | |
| Use ability | 35 | |
407 total
» units
| Peasant | 8 | |
| Footman | 10 | |
| Priest | 2 | |
| Sorceress | 2 | |
| Spell Breaker | 1 | |
23 total
» upgrades
» buildings
| Altar of Kings | 1 | |
| Farm | 9 | |
| Barracks | 1 | |
| Lumber Mill | 1 | |
| Arcane Vault | 1 | |
| Keep | 1 | |
| Arcane Sanctum | 5 | |
| Guard Tower | 3 | |
22 total
» build order
00:11 Altar of Kings
00:16 Farm
00:59 Barracks
01:03 Farm
01:40 Lumber Mill
01:47 Farm
02:11 Arcane Vault
02:31 Farm
03:12 Farm
03:18 Farm
04:06 Keep
06:34 Arcane Sanctum
06:45 Arcane Sanctum
06:47 Arcane Sanctum
06:50 Arcane Sanctum
06:51 Arcane Sanctum
06:56 Farm
07:36 Farm
08:23 Farm
08:50 Guard Tower
08:56 Guard Tower
09:09 Guard Tower
» items
| Scroll of Regeneration | 2 | |
| Ivory Tower | 5 | |
7 total

»
Dungeontai (
orange | 51 APM | 552 actions | 10:44)
4 Tauren Chieftain
2 Shockwave
2 Endurance Aura
» actions
| Assign group hotkey | 9 | |
| Build / train | 39 | |
| Enter build submenu | 10 | |
| Enter hero's abilities submenu | 3 | |
| Give item / drop item | 1 | |
| Right click | 221 | |
| Select / deselect | 40 | |
| Select group hotkey | 189 | |
| Use ability | 40 | |
552 total
» units
» upgrades
| Pillage | 1 | |
| Armor | 1 | |
| Melee Weapons | 1 | |
3 total
» buildings
| Altar of Storms | 1 | |
| Orc Burrow | 6 | |
| Barracks | 1 | |
| Voodoo Lounge | 1 | |
| War Mill | 1 | |
| Stronghold | 1 | |
| Great Hall | 1 | |
| Watch Tower | 4 | |
| Fortress | 1 | |
17 total
» build order
00:14 Altar of Storms
00:23 Orc Burrow
00:44 Barracks
01:36 Voodoo Lounge
01:55 Orc Burrow
05:31 Orc Burrow
05:32 Orc Burrow
05:36 War Mill
07:36 Stronghold
08:11 Great Hall
08:16 Watch Tower
08:17 Watch Tower
08:18 Watch Tower
08:20 Watch Tower
09:26 Orc Burrow
09:26 Orc Burrow
10:34 Fortress
» items
| Healing Salve | 5 | |
| Lesser Clarity Potion | 6 | |
| Scroll of Speed | 1 | |
12 total
Chat log
(00:16 / Allies) tuonicpro: hi
(00:23 / Allies) tuonicpro: rush 2 v 2?
(00:26 / Allies) Dungeontai: k
(00:50 / Allies) MyPerestroika: this is not a rush map
(01:12 / Allies) tuonicpro: why
(01:16 / Allies) MyPerestroika: lol
(01:29 / Allies) tuonicpro: long distance?
(01:29 / Allies) Bo0o0o0o0oMmMmM: to big
(01:36 / Allies) tuonicpro: true
(01:44 / All) MyPerestroika: get the fuck out lagging piece of siberian trash
(01:45 / Allies) Bo0o0o0o0oMmMmM: cccccccccc
(01:58 / Allies) Dungeontai: kk
(02:05 / All) MyPerestroika: out
(02:37 / Allies) tuonicpro: lol
(02:39 / All) MyPerestroika: gj
(02:41 / All) Dungeontai: i like pink
(02:52 / All) MyPerestroika: OUT
(02:52 / All) MyPerestroika: OUT
(02:54 / All) MyPerestroika: YOU
(02:54 / All) MyPerestroika: CAN
(02:55 / All) MyPerestroika: LEAVE
(03:19 / Allies) tuonicpro: 4 v1
(03:22 / Allies) tuonicpro: intresting
(03:29 / All) MyPerestroika: He is probably afk
(03:33 / All) MyPerestroika: so I'll expo to make it longer
(03:41 / All) MyPerestroika: robes of the magi woot!
(04:16 / Allies) tuonicpro: is impossible do a good match in thsi game
(04:24 / All) MyPerestroika: yeah I agree
(04:28 / All) MyPerestroika: I don't know why I still play wc3
(07:39 / Allies) tuonicpro: xD
(08:40 / All) MyPerestroika: yes make moon wells
(08:45 / All) MyPerestroika: you can still win!
(08:53 / All) MyPerestroika: want me to pause again so you can leave and find the exit button?
(08:54 / All) MyPerestroika: altqq is shortcut btw
(10:01 / All) Dungeontai: come on dont do that to us xD
(10:04 / Allies) MyPerestroika: sick tree placement!
(10:43 / Allies) tuonicpro: win
(10:44 / Allies) tuonicpro: gg